[Event "Titled Tuesday Blitz February 15 Early 2022"]
[White "Shyaamnikhil P"]
[Black "Petesch, Gabriel"]
[WhiteFideId "5024218"]
[BlackFideId "2032465"]
[WhiteElo "2292"]
[BlackElo "2374"]
[Result "0-1"]
[Round "11"]
[TimeControl "180+1"]
[Date "2022.02.15"]
[WhiteClock "0:00:47"]
[BlackClock "0:00:06"]

1. d4 d5 2. Nf3 e6 3. e3 Be7 4. Bd3 Nf6 5. O-O O-O 6. Ne5 Nbd7 7. f4 Re8 8. Nd2 Nf8 9. c3 c6 10. Qf3 N6d7 11. Qh5 g6 12. Qh6 Bf6 13. Ndf3 Bg7 14. Qh3 f6 15. Ng4 h5 16. Nge5 fxe5 17. fxe5 c5 18. Bd2 b5 19. Rf2 b4 20. Raf1 bxc3 21. bxc3 Rb8 22. e4 dxe4 23. Bxe4 Ba6 24. Ng5 Bxf1 25. Bxg6 Nxg6 26. Qxh5 Ndf8 27. Rxf8+ Kxf8 28. Qxg6 Qxg5 29. Bxg5 Bc4 30. h4 Bxa2 31. h5 Bb1 32. Be7+ Rxe7 33. Qg5 Rf7 34. h6 Bh8 35. Qg4 cxd4 36. cxd4 Bf5 37. Qf3 a5 38. Qa3+ Kg8 39. Qxa5 Kh7 40. Qd2 Rg8 41. Qf4 Rxg2+ 42. Kh1 Rg4 43. Qd2 Rf8 44. d5 exd5 45. e6 Be4+ 46. Kh2 Be5+ 47. Kh3 Rg3+ 48. Kh4 Rfg8 49. e7 Bf6+ 50. Kh5 Bf3# 0-1


[Site "https://www.chess.com"]

[Event "Titled Tuesday Blitz February 15 Early 2022"]
[White "Sinitsina, Anastassia"]
[Black "Redzisz, Michal"]
[WhiteFideId "4504640"]
[BlackFideId "21816107"]
[WhiteElo "2144"]
[BlackElo "1961"]
[Result "0-1"]
[Round "11"]
[TimeControl "180+1"]
[Date "2022.02.15"]
[WhiteClock "0:00:02"]
[BlackClock "0:00:02"]

1. Nf3 Nf6 2. g3 b6 3. Bg2 Bb7 4. O-O g6 5. d3 Bg7 6. Nbd2 O-O 7. e4 d6 8. Re1 Nbd7 9. Nf1 e6 10. h4 h5 11. Ng5 Qe7 12. e5 d5 13. exf6 Nxf6 14. Nh2 c5 15. Nhf3 Ng4 16. c3 e5 17. Nxe5 Bxe5 18. d4 Qf6 19. Nf3 Bd6 20. Qd3 c4 21. Qc2 Rae8 22. Bg5 Qg7 23. Qd2 f6 24. Bf4 Qd7 25. Bxd6 Qxd6 26. Rxe8 Rxe8 27. Re1 Rxe1+ 28. Qxe1 Kf7 29. Bh3 Bc8 30. Bg2 Bf5 31. Nd2 b5 32. Qe2 Bd3 33. Qf3 Ke6 34. Bh3 Bf5 35. Nf1 Kf7 36. Bg2 Be4 37. Qd1 Bxg2 38. Kxg2 Qe6 39. Qf3 a5 40. Qf4 Qe4+ 41. Qxe4 dxe4 42. f3 exf3+ 43. Kxf3 Ke6 44. Nd2 g5 45. hxg5 fxg5 46. Ne4 Nf6 47. Nxg5+ Kf5 48. Nf7 Ne4 49. Ne5 Nd2+ 50. Ke2 Ne4 51. Kf3 Nd2+ 52. Kg2 Ke4 53. Nc6 Kd3 54. Nxa5 Kc2 55. d5 Ne4 56. Kf3 Nc5 57. b4 Nd7 58. a4 bxa4 59. b5 Kxc3 0-1


[Site "https://www.chess.com"]

[Event "Titled Tuesday Blitz February 15 Early 2022"]
[White "Soderstrom, Adrian"]
[Black "Bures, Vit"]
[WhiteFideId "1745786"]
[BlackFideId "309052"]
[WhiteElo "2107"]
[BlackElo "2118"]
[Result "1-0"]
[Round "11"]
[TimeControl "180+1"]
[Date "2022.02.15"]
[WhiteClock "0:00:19"]
[BlackClock "0:00:01"]

1. e4 e5 2. f4 exf4 3. Bc4 Nf6 4. Nc3 c6 5. Qf3 d5 6. exd5 Bd6 7. Nge2 O-O 8. O-O Bg4 9. Qf2 cxd5 10. Nxd5 Nxd5 11. Bxd5 Bxe2 12. Bxb7 Bxf1 13. Bxa8 Nd7 14. Bd5 Ba6 15. d4 Nf6 16. Bf3 Re8 17. Bd2 Ne4 18. Bxe4 Rxe4 19. c3 Re2 20. Qf1 Qb6 21. Re1 Re6 22. Rxe6 fxe6 23. Qc1 g5 24. h4 h6 25. hxg5 hxg5 26. b4 e5 27. Qc2 Kg7 28. Qf5 Be7 29. Qxe5+ Bf6 30. Qf5 Qb5 31. d5 Qf1+ 32. Kh2 Qe2 33. Qd7+ Kg6 34. Bc1 Qh5+ 35. Qh3 Qd1 36. Qe6 Qxc1 37. Qxa6 Qxc3 38. Qe6 Qe5 39. Qg8+ Kf5 40. Qh7+ Kg4 41. Qh3# 1-0


[Site "https://www.chess.com"]

[Event "Titled Tuesday Blitz February 15 Early 2022"]
[White "Sokolovsky, Yahli"]
[Black "Kostiukov, Alexandr"]
[WhiteFideId "2820242"]
[BlackFideId "14108100"]
[WhiteElo "1770"]
[BlackElo "2202"]
[Result "1-0"]
[Round "11"]
[TimeControl "180+1"]
[Date "2022.02.15"]
[WhiteClock "0:00:54"]
[BlackClock "0:00:02"]

1. b3 g6 2. Bb2 Nf6 3. d4 Bg7 4. g3 d5 5. Bg2 O-O 6. Nf3 c5 7. O-O Ne4 8. c4 dxc4 9. bxc4 Nc6 10. e3 Qb6 11. Qb3 cxd4 12. Qxb6 axb6 13. Nxd4 Nxd4 14. exd4 Nc5 15. Rd1 Ne6 16. Rd2 Rd8 17. d5 Nc5 18. Bxg7 Kxg7 19. Nc3 Nb3 20. Rad1 Nxd2 21. Rxd2 Bd7 22. Rb2 Ra3 23. Ne4 Rc8 24. c5 bxc5 25. Rxb7 Bf5 26. Rxe7 c4 27. Nd6 Rf8 28. Nxc4 Rxa2 29. h4 1-0


[Site "https://www.chess.com"]

[Event "Titled Tuesday Blitz February 15 Early 2022"]
[White "Stanisz, Patryk"]
[Black "Kejzar, Petra"]
[WhiteFideId "1123106"]
[BlackFideId "14610213"]
[WhiteElo "1876"]
[BlackElo "2006"]
[Result "0-1"]
[Round "11"]
[TimeControl "180+1"]
[Date "2022.02.15"]
[WhiteClock "0:00:06"]
[BlackClock "0:00:04"]

1. Nf3 d5 2. c4 c6 3. g3 Nf6 4. Bg2 e6 5. O-O Be7 6. d4 O-O 7. Nc3 Nbd7 8. b3 Qc7 9. Bb2 dxc4 10. bxc4 c5 11. d5 exd5 12. Nxd5 Nxd5 13. Qxd5 Bf6 14. Rab1 Bxb2 15. Rxb2 Nf6 16. Qe5 Qxe5 17. Nxe5 Re8 18. Nd3 Bg4 19. Bxb7 Rab8 20. Bf3 Bxf3 21. exf3 Rxb2 22. Nxb2 Re2 23. Rb1 Kf8 24. a4 Nd7 25. Nd3 Nb6 26. a5 Nxc4 27. Rb8+ Ke7 28. Rb7+ Kd6 29. Rxa7 Ra2 30. Rxf7 Nxa5 31. Rxg7 c4 32. Nf4 c3 33. Rxh7 c2 34. Nd3 Nc4 35. Rh6+ Kd7 36. Kg2 Ne5 37. Rh7+ Kd6 38. Rh6+ Ke7 39. Rh7+ Kf8 40. Nxe5 c1=Q 41. Rf7+ Ke8 42. Rf5 Ra1 43. g4 Qf1+ 44. Kg3 Qg1+ 45. Kf4 Ra4+ 46. Kg5 Qxh2 47. Ng6 Qxf2 48. Rf8+ Kd7 49. Rf7+ Kd6 50. f4 Qe3 51. Ne5 Rxf4 52. Rf6+ Rxf6+ 53. Kxf6 Qxe5+ 54. Kg6 Ke6 55. g5 Qf5+ 56. Kh6 Kf7 57. Kh5 Qh3# 0-1


[Site "https://www.chess.com"]

[Event "Titled Tuesday Blitz February 15 Early 2022"]
[White "Stefanov, Plamen"]
[Black "Dzhaparov, Medet"]
[WhiteFideId "2900980"]
[BlackFideId "13803689"]
[WhiteElo "2137"]
[BlackElo "1702"]
[Result "1-0"]
[Round "11"]
[TimeControl "180+1"]
[Date "2022.02.15"]
[WhiteClock "0:00:15"]
[BlackClock "0:00:11"]

1. e4 e5 2. Nf3 Nc6 3. Bc4 Nf6 4. Ng5 d5 5. exd5 b5 6. Bf1 Qxd5 7. Nc3 Qd8 8. Bxb5 Bd7 9. Qf3 Nd4 10. Bxd7+ Kxd7 11. Qh3+ Ke8 12. O-O h6 13. Nge4 Be7 14. Nxf6+ Bxf6 15. Ne4 Kf8 16. Nxf6 Qxf6 17. c3 Ne2+ 18. Kh1 Nf4 19. Qf3 Re8 20. d4 Ng6 21. Qxf6 gxf6 22. Be3 Kg7 23. d5 Rd8 24. c4 Rb8 25. b3 a6 26. Rfd1 Rhd8 27. Rac1 Ne7 28. Bc5 Nf5 29. h3 Nh4 30. g3 Nf5 31. g4 Nd6 32. Be3 f5 33. c5 Ne4 34. gxf5 Kf6 35. Kg2 Kxf5 36. d6 cxd6 37. c6 Rg8+ 38. Kh2 Rg6 39. c7 Rc8 40. f3 Ng3 41. Rc6 Nh5 42. Bb6 Nf4 43. Rcxd6 Rxd6 44. Rxd6 Ne6 45. Rd7 Kf6 46. a4 Kg6 47. a5 f6 48. b4 Kf5 49. Rd8 Nxd8 50. cxd8=Q Rxd8 51. Bxd8 Ke6 52. Kg3 f5 53. Kf2 Kd5 54. Ke3 Kc4 55. Be7 Kd5 56. Kd3 h5 57. Bc5 Kc6 58. Kc4 e4 59. fxe4 fxe4 60. Kd4 1-0


[Site "https://www.chess.com"]

[Event "Titled Tuesday Blitz February 15 Early 2022"]
[White "Stromboli, Ettore"]
[Black "Janaszak, Dawid"]
[WhiteFideId "813761"]
[BlackFideId "1119206"]
[WhiteElo "2414"]
[BlackElo "2199"]
[Result "1/2-1/2"]
[Round "11"]
[TimeControl "180+1"]
[Date "2022.02.15"]
[WhiteClock "0:01:44"]
[BlackClock "0:00:30"]

1. e4 c5 2. Nf3 Nc6 3. d4 cxd4 4. Nxd4 g6 5. c4 Bg7 6. Be3 Qb6 7. Nb5 Qa5+ 8. N1c3 Nf6 9. Bd3 O-O 10. O-O a6 11. Nd4 d6 12. a3 Ng4 13. Nxc6 bxc6 14. Bd2 Qe5 15. g3 Qh5 16. h4 Rb8 17. Rb1 f5 18. exf5 Bxf5 19. Bxf5 Rxf5 20. Qe2 Rbf8 21. Nd1 Re5 22. Ne3 Nf6 23. Qxh5 Nxh5 24. Bc3 Re4 25. Bxg7 Nxg7 26. Rbe1 Re5 27. Ng4 Rxe1 28. Rxe1 Kf7 29. Nh6+ Kf6 30. Ng4+ Kf7 31. Nh6+ Kf6 32. Ng4+ Kf7 1/2-1/2


[Site "https://www.chess.com"]

[Event "Titled Tuesday Blitz February 15 Early 2022"]
[White "Tanenbaum, Zachary"]
[Black "Timofeev, Artyom"]
[WhiteFideId "2060850"]
[BlackFideId "4140419"]
[WhiteElo "2168"]
[BlackElo "2583"]
[Result "0-1"]
[Round "11"]
[TimeControl "180+1"]
[Date "2022.02.15"]
[WhiteClock "0:00:03"]
[BlackClock "0:01:27"]

1. e4 c5 2. Nf3 Nc6 3. Nc3 g6 4. d4 cxd4 5. Nxd4 Bg7 6. Be3 Nf6 7. Bc4 O-O 8. Bb3 Qa5 9. O-O d6 10. h3 Bd7 11. f4 Rfc8 12. f5 Ne5 13. Qd2 Rxc3 14. bxc3 Nxe4 15. Qe1 Qxc3 16. fxg6 hxg6 17. Qxc3 Nxc3 18. Rae1 e6 19. Bd2 Rc8 20. Nf3 a5 21. Nxe5 Bxe5 22. Bxc3 Rxc3 23. Re4 b5 24. a4 Kg7 25. Rd1 Rc5 26. axb5 Bxb5 27. Ba4 Bxa4 28. Rxa4 d5 29. Kf1 Bc3 30. Ke2 Bb4 31. Kd3 Rc3+ 32. Kd4 Rxc2 33. Rg1 Bc5+ 34. Kd3 Rb2 35. Rf1 Bb4 36. Rg1 g5 37. Raa1 f5 38. Rac1 f4 39. Rgd1 Rxg2 40. Rc7+ Kf6 41. Rdc1 Rd2# 0-1


[Site "https://www.chess.com"]

[Event "Titled Tuesday Blitz February 15 Early 2022"]
[White "Tasev, Dejan"]
[Black "Coto Mederos, Michel"]
[WhiteFideId "936618"]
[BlackFideId "3508528"]
[WhiteElo "2253"]
[BlackElo "2427"]
[Result "0-1"]
[Round "11"]
[TimeControl "180+1"]
[Date "2022.02.15"]
[WhiteClock "0:00:21"]
[BlackClock "0:00:04"]

1. e4 e5 2. Nf3 Nc6 3. Bb5 a6 4. Ba4 Nf6 5. O-O b5 6. Bb3 Bc5 7. c3 d6 8. d4 Bb6 9. h3 Bb7 10. Re1 h6 11. Be3 O-O 12. Nbd2 Re8 13. d5 Ne7 14. Bxb6 cxb6 15. Nf1 Ng6 16. Ng3 Nf4 17. Nh2 g6 18. Bc2 h5 19. Ne2 Nxe2+ 20. Rxe2 Nd7 21. Re3 Rc8 22. Rg3 Qh4 23. Nf3 Qf4 24. Ng5 Nf6 25. Qf3 h4 26. Qxf4 exf4 27. Rf3 Nh5 28. Re1 Re5 29. Nxf7 Kxf7 30. Rd3 b4 31. f3 bxc3 32. bxc3 g5 33. Rb1 b5 34. a4 Rc5 35. axb5 axb5 36. Rb4 Re7 37. Kf2 Rec7 38. Rb3 Nf6 39. Ke1 Nd7 40. Kd2 Ne5 41. Rd4 Nc4+ 42. Kd3 Ne3 43. Rdb4 Nxg2 44. Kd2 Ba6 45. Bd3 Ne3 46. Bxb5 Bxb5 47. Rxb5 Rxb5 48. Rxb5 Nc4+ 49. Kd3 Ne5+ 50. Ke2 Rxc3 51. Rb7+ Kf6 52. Rb6 Re3+ 53. Kd1 Nc4 54. Rc6 Rc3 55. Ke2 Ke5 56. Rc8 Re3+ 57. Kf2 Nd2 58. Re8+ Kd4 59. Re6 Rxf3+ 60. Ke2 Rd3 61. Rxd6 Nxe4 62. Re6 Nc3+ 63. Kf2 Kxd5 64. Rg6 Ne4+ 65. Ke2 Re3+ 66. Kf1 Rf3+ 67. Ke2 Re3+ 68. Kf1 Ng3+ 69. Kg2 Ke4 70. Rxg5 f3+ 71. Kf2 Re2+ 72. Kg1 Rg2# 0-1


[Site "https://www.chess.com"]

[Event "Titled Tuesday Blitz February 15 Early 2022"]
[White "Tregubov, Pavel V."]
[Black "Moskvin, Anatoly"]
[WhiteFideId "4115341"]
[BlackFideId "24199990"]
[WhiteElo "2341"]
[BlackElo "2079"]
[Result "1-0"]
[Round "11"]
[TimeControl "180+1"]
[Date "2022.02.15"]
[WhiteClock "0:00:14"]
[BlackClock "0:00:02"]

1. e4 e5 2. Nf3 Nc6 3. Bb5 Nge7 4. O-O a6 5. Ba4 d6 6. d4 b5 7. Bb3 Nxd4 8. Nxd4 exd4 9. c3 dxc3 10. Nxc3 Be6 11. a4 b4 12. Nd5 a5 13. Bg5 c6 14. Ne3 Qd7 15. Rc1 Ng6 16. Bxe6 fxe6 17. Nc4 Qc7 18. Qh5 Be7 19. Bxe7 Qxe7 20. Rfd1 d5 21. exd5 cxd5 22. Nb6 Rd8 23. Nxd5 Rxd5 24. Rxd5 exd5 25. Qxd5 Qd7 26. Re1+ Ne7 27. Qa8+ Qd8 28. Qc6+ Kf8 29. Qf3+ 1-0


[Site "https://www.chess.com"]

[Event "Titled Tuesday Blitz February 15 Early 2022"]
[White "Urazayev, Arystanbek"]
[Black "Aradhya, Garg"]
[WhiteFideId "13709810"]
[BlackFideId "25006746"]
[WhiteElo "2321"]
[BlackElo "2169"]
[Result "1-0"]
[Round "11"]
[TimeControl "180+1"]
[Date "2022.02.15"]
[WhiteClock "0:00:35"]
[BlackClock "0:00:38"]

1. d4 d5 2. c4 c6 3. Nf3 Nf6 4. e3 Bf5 5. Nc3 e6 6. Nh4 h5 7. Qb3 Qd7 8. Nxf5 exf5 9. Bd2 g6 10. Rc1 Be7 11. Na4 O-O 12. cxd5 cxd5 13. Nc5 Bxc5 14. Rxc5 Nc6 15. Bd3 f4 16. O-O Rfe8 17. Rfc1 Rac8 18. Bb5 f3 19. gxf3 Qh3 20. Qd1 Re6 21. Bf1 Qf5 22. e4 Nxe4 23. fxe4 Rxe4 24. Be3 Rg4+ 25. Bg2 Qe4 26. Qf1 Qe6 27. Kh1 Rh4 28. Bxd5 Qd6 29. Qg2 Rg4 30. Qf3 Rc7 31. h3 Rh4 32. Bxc6 bxc6 33. Rxc6 Rxc6 34. Rxc6 Qd7 35. Kg2 Rxh3 36. Qxh3 Qxc6+ 37. Qf3 Qc4 38. d5 a5 39. d6 Qe6 40. Bf4 g5 41. Bxg5 Qxd6 42. Bf4 Qe6 43. Qxh5 Qxa2 44. Qg5+ Kh7 45. Be5 Qd5+ 46. Kh2 f6 47. Qxf6 Qg8 48. Qh4+ Kg6 49. Qg3+ Kf7 50. Qxg8+ Kxg8 51. b3 Kf7 52. Bc3 a4 53. bxa4 Ke6 54. a5 Kd7 55. Be1 Kc6 56. Kg3 Kb5 57. f4 Ka6 58. Kg4 Kb5 59. f5 Kc6 60. Kg5 Kd7 61. Kg6 Ke8 62. f6 Kf8 63. a6 Kg8 64. a7 Kf8 65. a8=Q# 1-0


[Site "https://www.chess.com"]

[Event "Titled Tuesday Blitz February 15 Early 2022"]
[White "Vaishali, Rameshbabu"]
[Black "Dushyant Sharma"]
[WhiteFideId "5091756"]
[BlackFideId "25065130"]
[WhiteElo "2343"]
[BlackElo "2012"]
[Result "0-1"]
[Round "11"]
[TimeControl "180+1"]
[Date "2022.02.15"]
[WhiteClock "0:00:07"]
[BlackClock "0:00:30"]

1. e4 d5 2. exd5 Nf6 3. d4 Bg4 4. Be2 Bxe2 5. Qxe2 Qxd5 6. Nf3 Nc6 7. c4 Qf5 8. Nc3 O-O-O 9. d5 Nb4 10. O-O e6 11. dxe6 fxe6 12. a3 Nc6 13. Re1 Kb8 14. Qxe6 Qh5 15. Bf4 Bd6 16. Bxd6 Rxd6 17. Qe3 a6 18. b4 Ng4 19. Qf4 Rf6 20. Qg3 Rg6 21. Qf4 Rf6 22. Qg3 Rg6 23. Qh4 Qf5 24. h3 Nge5 25. Nxe5 Nxe5 26. Re3 Nf3+ 27. Rxf3 Qxf3 0-1


[Site "https://www.chess.com"]

[Event "Titled Tuesday Blitz February 15 Early 2022"]
[White "Vargas Pereda, Jesus Manue"]
[Black "Golsta, Madara"]
[WhiteFideId "5115710"]
[BlackFideId "11607386"]
[WhiteElo "1770"]
[BlackElo "1997"]
[Result "0-1"]
[Round "11"]
[TimeControl "180+1"]
[Date "2022.02.15"]
[WhiteClock "0:00:08"]
[BlackClock "0:00:23"]

1. d4 Nf6 2. Bf4 c5 3. e3 g6 4. Nf3 Bg7 5. Be2 O-O 6. c4 cxd4 7. exd4 d5 8. Nc3 dxc4 9. Bxc4 Nc6 10. O-O Bg4 11. d5 Na5 12. Be2 Rc8 13. Qd2 Nc4 14. Bxc4 Bxf3 15. Bb3 Bg4 16. h3 Bf5 17. Rfd1 Qb6 18. Rac1 Rfd8 19. Qe3 Qxe3 20. Bxe3 b6 21. a4 Ne4 22. Bd4 Nc5 23. Ba2 Bh6 24. Be3 Bxe3 25. fxe3 Nd3 26. e4 Nxc1 27. exf5 Nxa2 28. Nxa2 Rc2 29. fxg6 hxg6 30. Nb4 Rxb2 31. Nc6 Rd7 32. a5 bxa5 33. Nxa5 Rb5 34. Nc4 Rbxd5 35. Ra1 Rd1+ 36. Rxd1 Rxd1+ 37. Kh2 Rc1 0-1


[Site "https://www.chess.com"]

[Event "Titled Tuesday Blitz February 15 Early 2022"]
[White "Viani Antonio Dcunha"]
[Black "Navara, David"]
[WhiteFideId "5027330"]
[BlackFideId "309095"]
[WhiteElo "2366"]
[BlackElo "2686"]
[Result "0-1"]
[Round "11"]
[TimeControl "180+1"]
[Date "2022.02.15"]
[WhiteClock "0:00:14"]
[BlackClock "0:00:27"]

1. e4 c5 2. Nf3 d6 3. d4 cxd4 4. Nxd4 Nf6 5. Nc3 a6 6. Be2 e6 7. O-O Be7 8. Be3 Qc7 9. f4 O-O 10. Bf3 Nc6 11. Qe1 Nxd4 12. Bxd4 e5 13. Be3 exf4 14. Bxf4 Be6 15. Kh1 Nd7 16. Rd1 Ne5 17. Qg3 Rad8 18. Qf2 Ng6 19. Bg3 Bf6 20. Rd3 Bc4 21. Nd5 Bxd5 22. exd5 Bxb2 23. Rb1 Be5 24. a4 Rc8 25. Be4 Qxc2 26. Qxc2 Rxc2 27. Bxe5 dxe5 28. d6 Rd8 29. g3 Rc4 30. Bxb7 Rxa4 31. Rc1 Kf8 32. Rc8 Rxc8 33. Bxc8 Rd4 34. Ra3 Rxd6 35. Bxa6 Ne7 36. Bc4 g6 37. Ra7 h5 38. Kg2 Rd2+ 39. Kf3 Rxh2 40. Ra8+ Kg7 41. Ra7 Rc2 42. Bb3 Rc3+ 0-1


[Site "https://www.chess.com"]

[Event "Titled Tuesday Blitz February 15 Early 2022"]
[White "Vifleemskaia, Svetlana"]
[Black "Bashirli, Saadat"]
[WhiteFideId "4129490"]
[BlackFideId "13429990"]
[WhiteElo "1901"]
[BlackElo "1173"]
[Result "1-0"]
[Round "11"]
[TimeControl "180+1"]
[Date "2022.02.15"]
[WhiteClock "0:01:18"]
[BlackClock "0:01:00"]

1. d4 d5 2. c4 e6 3. Nc3 c6 4. cxd5 exd5 5. Qc2 Nf6 6. Bg5 Be7 7. e3 O-O 8. Bd3 h6 9. Bh4 Be6 10. Nge2 Nbd7 11. f3 c5 12. O-O c4 13. Bf5 Bxf5 14. Qxf5 Nb6 15. a4 a5 16. Nb5 Re8 17. Nec3 Rc8 18. Bf2 Bb4 19. e4 dxe4 20. fxe4 Bxc3 21. Nxc3 Nbd7 22. e5 Nh7 23. Be3 Rf8 24. Ne4 Nb6 25. Nd6 Rc7 26. Qe4 Qe7 27. h4 Nd7 28. Qg4 Kh8 29. Nf5 Nxe5 30. Qxg7# 1-0


[Site "https://www.chess.com"]

[Event "Titled Tuesday Blitz February 15 Early 2022"]
[White "Visakh N R"]
[Black "Bortnyk, Olexandr"]
[WhiteFideId "25012223"]
[BlackFideId "14120828"]
[WhiteElo "2454"]
[BlackElo "2723"]
[Result "0-1"]
[Round "11"]
[TimeControl "180+1"]
[Date "2022.02.15"]
[WhiteClock "0:01:57"]
[BlackClock "0:01:38"]

1. e4 Nf6 2. e5 Nd5 3. Nc3 Nb6 4. Nf3 d5 5. d4 Bg4 6. h3 Bh5 7. Ne2 e6 8. Nf4 Bg6 9. c3 c5 10. h4 Nc6 11. Bb5 Nd7 12. O-O Be7 13. h5 Bf5 14. c4 a6 15. Ba4 dxc4 16. d5 exd5 17. Nxd5 b5 18. Bc2 Bxc2 19. Qxc2 Ndxe5 20. Qe4 f5 0-1


[Site "https://www.chess.com"]

[Event "Titled Tuesday Blitz February 15 Early 2022"]
[White "Viskelis, Darius"]
[Black "Osiecki, Stanislaw"]
[WhiteFideId "12800830"]
[BlackFideId "1102990"]
[WhiteElo "1999"]
[BlackElo "2127"]
[Result "0-1"]
[Round "11"]
[TimeControl "180+1"]
[Date "2022.02.15"]
[WhiteClock "0:00:23"]
[BlackClock "0:00:08"]

1. e4 e6 2. d4 d5 3. e5 c5 4. c3 Nc6 5. Nf3 Qb6 6. Bd3 cxd4 7. cxd4 Nb4 8. Be2 Ne7 9. Nc3 Nf5 10. O-O Nc6 11. Be3 a6 12. Na4 Qd8 13. Rc1 Be7 14. Nc5 O-O 15. Bd3 Nxe3 16. fxe3 Bg5 17. Nxg5 Qxg5 18. Qf3 f5 19. exf6 Rxf6 20. Qh3 Rh6 21. Qf3 Rf6 22. Qe2 e5 23. Rxf6 Qxf6 24. Rf1 Qh6 25. Qf3 Be6 26. Nxe6 Qxe6 27. Bf5 Qd6 28. Qh3 h6 29. Be6+ Kh8 30. Rf7 exd4 31. Qg4 Qe5 32. exd4 Nxd4 33. Bxd5 Qe1+ 34. Rf1 Ne2+ 35. Qxe2 Qxe2 36. Bxb7 Rb8 37. Bf3 Qxb2 38. a4 Qb6+ 39. Kh1 Qb4 40. Ra1 Re8 41. h3 Re1+ 42. Rxe1 Qxe1+ 43. Kh2 Qa1 44. Bc6 a5 45. Bb5 Qd4 46. Kg3 Qe5+ 47. Kf2 g5 48. Kf3 Kg7 49. Kg4 Kf6 50. Kf3 Qf4+ 51. Ke2 h5 52. Ke1 Qe3+ 53. Kf1 Ke5 54. Bc6 Kf4 55. g4 Kg3 56. Bg2 Qf2# 0-1


[Site "https://www.chess.com"]

[Event "Titled Tuesday Blitz February 15 Early 2022"]
[White "Vlassov, Nikolai"]
[Black "Shukhman, Anna"]
[WhiteFideId "4103360"]
[BlackFideId "54180058"]
[WhiteElo "2407"]
[BlackElo "1628"]
[Result "0-1"]
[Round "11"]
[TimeControl "180+1"]
[Date "2022.02.15"]
[WhiteClock "0:00:04"]
[BlackClock "0:00:18"]

1. e4 c5 2. c3 Nf6 3. e5 Nd5 4. d4 cxd4 5. cxd4 d6 6. Bc4 e6 7. Nf3 Nc6 8. O-O Be7 9. Qe2 O-O 10. Qe4 dxe5 11. dxe5 Qc7 12. Bd3 g6 13. Bh6 Rd8 14. Nc3 Nxc3 15. bxc3 b6 16. Rfe1 Bb7 17. Rad1 Nd4 18. Qf4 Nxf3+ 19. gxf3 Qxc3 20. Be4 Bxe4 21. Qxe4 Bf8 22. Bg5 Rxd1 23. Rxd1 Re8 24. Rd7 Qb4 25. Qxb4 Bxb4 26. Rxa7 Rc8 27. Kg2 Kf8 28. Bf6 Ke8 29. f4 h5 30. Bg5 Rc2 31. Kf3 Bc5 32. Bh4 Rc3+ 33. Ke2 Rc4 34. Bg3 h4 35. Bxh4 Rxf4 36. Bg3 Re4+ 37. Kd3 Rd4+ 38. Kc3 Rd7 39. Ra8+ Rd8 40. Ra6 Rc8 41. Kb3 Kd7 42. f4 Kc6 43. Ra7 Rc7 44. Ra8 Rd7 45. a4 Rd3+ 46. Kc4 Rd4+ 47. Kc3 Rd1 48. Ra7 Rd7 49. Ra8 Rd1 50. Rc8+ Kb7 51. Rg8 Rc1+ 52. Kb2 Rc4 53. Rg7 Rxa4 54. Rxf7+ Ka6 55. Rf6 Re4 56. Rxe6 Bd4+ 57. Kc2 Re3 58. Rxg6 Ka5 59. h4 b5 60. h5 b4 61. h6 b3+ 62. Kb1 Rf3 63. Be1+ Kb5 64. Rg8 Rf1 65. Rb8+ Kc4 66. Rc8+ Bc5 67. Rxc5+ Kxc5 68. h7 Rxe1+ 69. Kb2 Rh1 70. f5 Rxh7 71. f6 Kd5 72. Kxb3 Kxe5 73. Kc4 Kxf6 0-1


[Site "https://www.chess.com"]

[Event "Titled Tuesday Blitz February 15 Early 2022"]
[White "Von Buelow, Georg"]
[Black "Miszler, Levente"]
[WhiteFideId "4620658"]
[BlackFideId "763276"]
[WhiteElo "2213"]
[BlackElo "1966"]
[Result "0-1"]
[Round "11"]
[TimeControl "180+1"]
[Date "2022.02.15"]
[WhiteClock "0:01:12"]
[BlackClock "0:00:19"]

1. e4 e6 2. d4 d5 3. Nc3 Nf6 4. Bg5 Be7 5. e5 Nfd7 6. h4 a6 7. Qg4 Bxg5 8. hxg5 Qe7 9. O-O-O c5 10. dxc5 Nxe5 11. Qg3 Nbc6 12. f4 Nd7 13. Nf3 Nxc5 14. f5 Bd7 15. g6 fxg6 16. fxg6 h6 17. Kb1 O-O-O 18. Rxd5 Ne4 19. Nxe4 Qb4 20. Nd6+ Kb8 21. Nf7+ Ka8 22. Rd1 Rhf8 23. Nxd8 Rxd8 24. Bd3 e5 25. Nxe5 Qd6 26. Rhe1 Be6 27. Qe3 Nb4 28. b3 Qc7 29. Bc4 Re8 30. Bxe6 Qxc2+ 0-1


[Site "https://www.chess.com"]

[Event "Titled Tuesday Blitz February 15 Early 2022"]
[White "Wartiovaara, Oliver"]
[Black "Martin, Lewis"]
[WhiteFideId "513024"]
[BlackFideId "410551"]
[WhiteElo "1971"]
[BlackElo "2145"]
[Result "0-1"]
[Round "11"]
[TimeControl "180+1"]
[Date "2022.02.15"]
[WhiteClock "0:00:02"]
[BlackClock "0:01:17"]

1. e4 c5 2. Nf3 d6 3. d4 cxd4 4. Nxd4 Nf6 5. Nc3 a6 6. Bg5 e6 7. f4 b5 8. e5 dxe5 9. fxe5 Qc7 10. exf6 Qe5+ 11. Be2 Qxg5 12. O-O Ra7 13. Kh1 Rd7 14. Ne4 Qe5 15. c3 Qxe4 16. Bh5 g6 17. Bf3 Qe5 18. Qd2 h5 19. Rae1 Qd6 20. Qc2 Bh6 21. Be4 Bb7 22. Bxb7 Rxb7 23. Nxe6 fxe6 24. Qxg6+ Rf7 25. Rd1 Qc5 26. Rd8+ Kxd8 27. Qxf7 Qd6 28. Qxh5 Nd7 29. Rd1 Kc7 30. Qf3 Qc6 31. Qg3+ e5 32. Qg6 Bf4 33. h3 Qxf6 34. Kg1 Qxg6 0-1


[Site "https://www.chess.com"]

[Event "Titled Tuesday Blitz February 15 Early 2022"]
[White "Weetik, Vjacheslav"]
[Black "Kovanova, Baira"]
[WhiteFideId "4153472"]
[BlackFideId "4164083"]
[WhiteElo "2469"]
[BlackElo "2190"]
[Result "1/2-1/2"]
[Round "11"]
[TimeControl "180+1"]
[Date "2022.02.15"]
[WhiteClock "0:00:12"]
[BlackClock "0:00:09"]

1. d4 Nf6 2. Bf4 e6 3. e3 d5 4. Nd2 Bd6 5. c3 c5 6. Bxd6 Qxd6 7. Bd3 Nc6 8. f4 cxd4 9. cxd4 b6 10. a3 Bb7 11. Ngf3 O-O 12. Ne5 Ne7 13. Qf3 Rac8 14. O-O Nf5 15. g4 Ne4 16. gxf5 Nxd2 17. Qh3 exf5 18. Bxf5 g6 19. Bxc8 Bxc8 20. Qh4 Nxf1 21. Rxf1 Bf5 22. Rc1 f6 23. Ng4 Qe7 24. Nh6+ Kh8 25. Rc3 Be4 26. Kf2 Kg7 27. Ke1 Qd7 28. Ng4 h5 29. Nf2 Rc8 30. Nxe4 dxe4 31. Qf2 Rxc3 32. bxc3 Qb5 33. Qc2 Qc4 34. Qxe4 Qxc3+ 35. Kf2 Qd2+ 36. Kf1 Qd1+ 37. Kf2 Qd2+ 38. Kg3 Qd1 39. Qe7+ Kh6 40. Qf8+ Kh7 41. Qf7+ Kh6 42. Qxf6 Qg1+ 43. Kf3 Qh1+ 44. Ke2 Qxh2+ 45. Kd3 Kh7 46. Qf7+ Kh6 47. Qf8+ Kh7 48. d5 Qa2 49. Qe7+ Kh6 50. d6 Qd5+ 51. Ke2 Qg2+ 52. Kd3 Qd5+ 53. Kc3 Qc5+ 54. Kd2 Qd5+ 55. Ke1 Qh1+ 56. Kf2 Qh2+ 57. Kf3 Qh1+ 58. Ke2 Qg2+ 59. Kd1 Qd5+ 60. Ke1 Qh1+ 61. Kd2 Qd5+ 62. Kc1 Qc4+ 63. Kb2 Qb5+ 64. Kc3 Qc5+ 65. Kd2 Qd5+ 1/2-1/2


[Site "https://www.chess.com"]

[Event "Titled Tuesday Blitz February 15 Early 2022"]
[White "Willow, Jonah B"]
[Black "Dubov, Daniil"]
[WhiteFideId "438804"]
[BlackFideId "24126055"]
[WhiteElo "2261"]
[BlackElo "2791"]
[Result "0-1"]
[Round "11"]
[TimeControl "180+1"]
[Date "2022.02.15"]
[WhiteClock "0:01:15"]
[BlackClock "0:02:04"]

1. e4 Nc6 2. Nf3 d5 3. exd5 Qxd5 4. Nc3 Qh5 5. Bb5 Bg4 6. O-O Bxf3 7. Bxc6+ bxc6 8. Qxf3 Qxf3 9. gxf3 e6 10. d3 Ne7 11. Bf4 Kd7 12. Ne4 Ng6 13. Be3 Bd6 14. Rfd1 Rhb8 15. Rab1 Rb5 16. c4 Rf5 17. c5 Be7 18. Ng3 Rxf3 19. Kf1 f5 20. Ke2 Nh4 21. Bd4 g5 22. Be5 g4 23. Rg1 Ng6 24. Nh5 Nxe5 0-1


[Site "https://www.chess.com"]